 Dungeon Crawl Stone Soup version 0.28.0-45-g0d030f2227 (webtiles) character file.

Game seed: 18298670242175387796

585 NinjaNoafa the Firebug (level 7, 0/51 (53) HPs)
             Began as a White Draconian Fire Elementalist on Apr 13, 2022.
             Was a Follower of Dithmenos.
             Slain by a necrophage (2 damage)
             ... on level 5 of the Dungeon.
             The game lasted 00:16:34 (5588 turns).

NinjaNoafa the Firebug (DrFE)                       Turns: 5588, Time: 00:16:35

HP:   0/51 (53)     AC: 15    Str: 11    XL:     7   Next: 15%
MP:   0/11          EV: 12    Int: 17    God:    Dithmenos [*.....]
Gold: 123           SH:  0    Dex: 11    Spells: 9/12 levels left

rFire   . . .      SeeInvis .   i - +2 flail (protect)
rCold   + . .      Faith    .   (no shield)
rNeg    . . .      Spirit   +   (armour unavailable)
rPois   .          Reflect  .   (helmet restricted)
rElec   .          Harm     .   (no cloak)
rCorr   .          Rampage  .   k - +1 pair of gloves
Will    .....                   (no boots)
Stlth   ++........              e - amulet of guardian spirit
HPRegen 0.17/turn               (no ring)
MPRegen 0.12/turn               (no ring)

@: under a protective aura, wreathed by umbra, lightly drained
A: breathe frost, AC +6, unfitting armour, cold resistance 1, cold-blooded
a: Breathe Frost, Renounce Religion


You were on level 5 of the Dungeon.
You worshipped Dithmenos.
Dithmenos was aware of your devotion.
You visited 1 branch of the dungeon, and saw 5 of its levels.

You collected 123 gold pieces.

Inventory:

Hand Weapons
 c - a +2 dagger
 i - a +2 flail of protection (weapon)
Missiles
 a - 165 stones
 h - 3 boomerangs
 l - 2 javelins
Armour
 k - a +1 pair of gloves (worn)
Jewellery
 e - an amulet of guardian spirit (around neck)
Wands
 g - a wand of iceblast (10)
Scrolls
 b - a scroll of identify


   Skills:
 + Level 1.8 Fighting
 + Level 3.2 Dodging
 + Level 3.1 Stealth
 + Level 3.3 Spellcasting
 * Level 3.2 Conjurations
 * Level 3.9 Fire Magic
 - Level 2.0 Invocations


You had 9 spell levels left.
You knew the following spells:

 Your Spells              Type           Power      Damage    Failure   Level
a - Foxfire               Conj/Fire      60%        2x1d7     3%          1
b - Scorch                Fire           32%        2d7       4%          2

Your spell library contained the following spells:

 Spells                   Type           Power      Damage    Failure   Level
 Conjure Flame            Conj/Fire      15%        6-21      12%         3
 Beastly Appendage        Tmut           4%         N/A       17%         1
 Inner Flame              Hex/Fire       9%         N/A       22%         3
 Wereblood                Tmut           2%         N/A       26%         2
 Flame Wave               Conj/Fire      15%        2d6       36%         4
 Spider Form              Tmut/Pois      2%         N/A       45%         3
 Animate Dead             Necr           1%         N/A       86%         4
 Borgnjor's Vile Clutch   Necr/Erth      1%         N/A       99%         5
 Death Channel            Necr           1%         N/A       100%        6
 Summon Cactus Giant      Summ           1%         N/A       100%        6


Dungeon Overview and Level Annotations

Branches:
Dungeon (5/15)
 Temple: D:4-7

Altars:
Dithmenos
Uskayaw

Shops:
D:4 !

Annotations:
D:4 1 runed translucent door, pkoi's ghost, amateur DgAE


Innate Abilities, Weirdness & Mutations

You can breathe waves of freezing cold which knock back foes.
Your icy white scales are hard. (AC +6)
You cannot fit into any form of body armour.
Your flesh is cold resistant. (rC+)
You are cold-blooded and may be slowed by cold attacks.


Message History

The necrophage is severely damaged.
The necrophage closely misses you. The gnoll hits you but does no damage.
The necrophage barely misses you.
You completely miss the necrophage.
Your tail-slap misses the necrophage.
The necrophage is severely damaged.
The gnoll barely misses you. The necrophage barely misses you.
The gnoll closely misses you.
Casting: Foxfire (safe; 3% risk of failure)
Confirm with . or Enter, or press ? or * to list all spells.
You conjure some foxfire!
The necrophage closely misses you. The gnoll barely misses you.
You hit the necrophage but do no damage.
Your weapon exudes an aura of protection.
The necrophage is severely damaged.
You float gracefully downwards.
The foxfire hits the necrophage.
The necrophage is almost destroyed.
The foxfire hits the gnoll.
The gnoll is almost dead.
The necrophage closely misses you.
The gnoll hits you from afar with a +0 spear.
* * * LOW HITPOINT WARNING * * *
The necrophage misses you.
You barely miss the necrophage.
The necrophage is almost destroyed.
The gnoll barely misses you.
The necrophage hits you but does no damage.
The gnoll hits you from afar with a +0 spear.
* * * LOW HITPOINT WARNING * * *
You closely miss the necrophage.
The necrophage is almost destroyed.
The necrophage hits you.
* * * LOW HITPOINT WARNING * * *
The gnoll hits you from afar with a +0 spear.
* * * LOW HITPOINT WARNING * * *
You hit the necrophage.
Your weapon exudes an aura of protection.
Your tail-slap misses the necrophage.
The necrophage is almost destroyed.
The necrophage hits you.
You die...

g#####........#.<..g .
.
g...##.....####.....#..
. .##.##.....# #.....#.
# .##.##.###... ......
.......# ##### ...
###g#### .. #...# .#
###.# ########n#
#.####..gsg.@.#
#..†...########
########


You could see a necrophage, a scorpion and 2 gnolls.

Vanquished Creatures
  A black bear (D:4)
  2 scorpions (D:5)
  A hound (D:5)
  Jessica (D:3)
  Natasha (thrice) (D:3)
  3 orc wizards
  A gnoll (D:5)
  4 adders
  A white imp (D:5)
  4 worms
  2 dart slugs (D:4)
  11 orcs
  7 endoplasms
  4 giant cockroaches
  6 hobgoblins
  10 jackals
  5 quokkas
  9 ball pythons
  6 bats
  3 frilled lizards (D:1)
  6 goblins
  8 kobolds
  7 rats
105 creatures vanquished.

Vanquished Creatures (collateral kills)
  A foxfire (D:2)
1 creature vanquished.

Vanquished Creatures (others)
  182 foxfires
182 creatures vanquished.

Grand Total: 288 creatures vanquished

Notes
Turn   | Place    | Note
-------+----------+-------------------------------------------
     0 | D:1      | NinjaNoafa the Draconian Fire Elementalist began the quest
                  | for the Orb.
     0 | D:1      | Reached XP level 1. HP: 14/14 MP: 3/3
   488 | D:1      | Reached XP level 2. HP: 20/20 MP: 3/5
  1574 | D:1      | Reached XP level 3. HP: 26/26 MP: 3/6
  2547 | D:2      | Found a hide-covered altar of Uskayaw.
  3177 | D:3      | Found a shadowy altar of Dithmenos.
  3182 | D:3      | Became a worshipper of Dithmenos the Shadowed
  3189 | D:3      | Reached XP level 4. HP: 33/33 MP: 3/7
  3193 | D:3      | Learned a level 2 spell: Scorch
  3250 | D:3      | Noticed Natasha
  3252 | D:3      | Killed Natasha
  3344 | D:3      | Noticed Natasha
  3348 | D:3      | Killed Natasha
  3356 | D:3      | Noticed Jessica
  3368 | D:3      | Killed Jessica
  3369 | D:3      | Reached skill level 1 in Invocations
  3369 | D:3      | Reached XP level 5. HP: 35/38 MP: 0/9
  3453 | D:3      | HP: 1/38 [something (2)]
  3964 | D:3      | Noticed Natasha
  3974 | D:3      | Killed Natasha
  4110 | D:3      | Found a faded altar of an unknown god.
  4111 | D:3      | Noticed an eye of devastation
  4113 | D:3      | Noticed a shining eye
  4119 | D:3      | Noticed a shining eye
  4122 | D:3      | Noticed a great orb of eyes
  4163 | D:3      | Reached * piety under Dithmenos
  4681 | D:4      | Reached XP level 6. HP: 46/46 MP: 7/10
  4914 | D:4      | Found Olyul's Distillery.
  5042 | D:4      | Reached skill level 1 in Fighting
  5388 | D:4      | Found a runed translucent door.
  5391 | D:4      | Noticed pkoi's ghost (amateur DgAE)
  5419 | D:5      | Entered Level 5 of the Dungeon
  5483 | D:5      | Identified the +1 robe "Selobyebb" {Harm *Slow rCorr}
  5509 | D:5      | Your scales start taking on an icy white colour.
  5509 | D:5      | Reached XP level 7. HP: 40/52 MP: 6/11
  5509 | D:5      | Gained mutation: Your flesh is cold resistant. (rC+) [White
                  | Draconian growth]
  5587 | D:5      | HP: 2/51 [gnoll/+0 spear (1)]
  5588 | D:5      | Slain by a necrophage

Illustrated notes

Levels and vault maps discovered:
D:1:      wheals_arrival_linesprint, layout_basic
D:2:      layout_basic, basic_altar, hangedman_decor_peaks_small
D:3:      layout_loops_ring, grunt_dithmenos_smoke_and_mirrors,
          hellmonk_ecumenical_altar_watching_god, uniq_natasha, uniq_jessica
D:4:      layout_basic, serial_shops, nicolae_shop_advertising_works
          [nicolae_subvault_shop_adworks], ebering_ghost_sewer_d
D:5:      layout_loops_cross, enter_ossuary_1

Skill      XL: |  1  2  3  4  5  6 |
---------------+-------------------+-----
Dodging        | 2 3 |  3.2
Stealth        | 2 3 |  3.1
Conjurations   | 2 3 |  3.2
Fire Magic     | 4 3 |  3.9
Invocations    | 1 2 |  2.0
Spellcasting   | 3 |  3.3
Fighting       | 1 |  1.8

Action                   |  1- 3 |  4- 6 |  7- 9 || total
-------------------------+-------+-------+-------++-------
Melee: Unarmed           |     4 |       |       ||     4
       Tailslap          |     9 |    13 |     1 ||    23
       Dagger            |    64 |    67 |       ||   131
       Punch             |     1 |     2 |       ||     3
       Flail             |       |    15 |    17 ||    32
Throw: Javelin           |     2 |       |       ||     2
 Cast: Foxfire           |    75 |    42 |     5 ||   122
       Scorch            |       |    30 |     2 ||    32
 Abil: Breathe Frost     |       |       |     3 ||     3
  Use: Scroll            |       |     6 |       ||     6
       Potion            |       |     7 |     1 ||     8
 Stab: Sleeping          |     1 |     2 |       ||     3
Armor: Skin              |    22 |    59 |    20 ||   101
Dodge: Dodged            |    42 |    99 |    46 ||   187
